 Seeded DCSS version 0.31-a0-219-g8d62b2e7bb (webtiles) character file.

Game seed: 10737210411812156708 (custom seed)

294 innerfire43 the Trooper (level 6, -15/48 HPs)
             Began as a Demonspawn Monk on July 3, 2023.
             Was a Follower of Uskayaw.
             Demolished by an ogre
             ... wielding a +0 giant spiked club
              (22 damage)
             ... on level 4 of the Dungeon.
             The game lasted 00:06:36 (4648 turns).

innerfire43 the Trooper (Demonspawn Monk)           Turns: 4648, Time: 00:06:36

Health: -15/48     AC: 13    Str: 14    XL:     6   Next: 11%
Magic:  6/6        EV: 12    Int: 11    God:    Uskayaw [*.....]
Gold:   170        SH:  0    Dex: 15    Spells: 5/5 levels left

rFire   . . .        a - +3 dagger (venom)
rCold   . . .        d - orb {light}
rNeg    . . .        c - +3 ring mail
rPois   .            (no helmet)
rElec   .            (no cloak)
rCorr   .            h - +0 pair of gloves
SInv    .            (no boots)
Will    .....        (no amulet)
Stlth   +            t - +4 ring of protection
HPRegen 0.28/turn    (no ring)
MPRegen 0.10/turn

%: no passive effects
@: glowing
A: claws 1, powered by pain 1
a: Renounce Religion, Stomp


You were on level 4 of the Dungeon.
You worshipped Uskayaw.
Uskayaw was noncommittal.
You visited 1 branch of the dungeon, and saw 4 of its levels.

You collected 170 gold pieces.

Inventory:

Hand Weapons
 a - a +3 dagger of venom (weapon)
 b - a +0 sling
 q - a +0 hand axe
Armour
 c - a +3 ring mail (worn)
 d - an orb of light (worn)
 h - a +0 pair of gloves (worn)
 j - a +0 robe
Jewellery
 n - a ring of ice
 t - a +4 ring of protection (left hand)
Scrolls
 g - a scroll of vulnerability {unknown}
 i - a scroll of amnesia {unknown}
 k - 2 scrolls of torment {unknown}
 l - a scroll of noise {unknown}
 o - a scroll of identify {unknown}
 s - a scroll of teleportation {unknown}
Potions
 f - a potion of mutation {unknown}
 m - a potion of heal wounds {unknown}
 r - 2 potions of magic {unknown}


   Skills:
 + Level 4.1 Fighting
 * Level 2.2 Short Blades
 - Level 3.3 Axes
 * Level 2.4 Ranged Weapons
 + Level 3.7 Dodging


You had 5 spell levels left.
You didn't know any spells.
Your spell library contained the following spells:

 Spells                   Type           Power      Damage    Failure   Level
 Freeze                   Ice            0%         1d3       58%         1
 Necrotise                Necr           0%         1d4       58%         1
 Frozen Ramparts          Ice            0%         1d1       91%         3
 Hailstorm                Conj/Ice       0%         3d3       91%         3
 Vampiric Draining        Necr           0%         2d6       91%         3
 Agony                    Necr           0%         N/A       100%        5


Dungeon Overview and Level Annotations

Branches:
Dungeon (4/15)
 Temple: D:4-7

Altars:
Trog
Uskayaw


Innate Abilities, Weirdness & Mutations

You have sharp fingernails.
You sometimes gain a little power by taking damage.


Message History

No target in view!
Unknown command.
You see here a +0 ring mail.
c - a +0 ring mail You start removing your armour.
You continue taking off your +0 robe. x4
You finish taking off your +0 robe.
You start putting on your armour.
You continue putting on your +0 ring mail. x5
You finish putting on your +0 ring mail.
As you read the scroll labelled BUDADGH MAAWAAC, it crumbles to dust.
It is a scroll of enchant armour.
Your +0 ring mail glows green for a moment.
As you read the scroll of enchant armour, it crumbles to dust.
Your +1 ring mail glows green for a moment.
As you read the scroll of enchant armour, it crumbles to dust.
Your +2 ring mail glows green for a moment.
Found an escape hatch in the floor.
An ogre comes into view. It is wielding a +0 giant spiked club.
An ogre is nearby!
The ogre hits you with a +0 giant spiked club!!
Ouch! That really hurt!
You hear an angry hiss.
You are too injured to fight recklessly!
You are too injured to fight recklessly!
You hit the ogre.
The ogre is lightly wounded.
A ball python comes into view.
The ogre barely misses you.
The ball python hisses angrily.
You hit the ogre.
The ogre is poisoned.
The ogre is lightly wounded.
You hit the ogre.
The ogre looks as sick as possible!
The ogre is moderately wounded.
The ogre hits you with a +0 giant spiked club!!
Ouch! That really hurt!
* * * LOW HITPOINT WARNING * * *
Unknown command.
It was a potion of curing.
You feel better.
The ogre hits you with a +0 giant spiked club!!
You die...

#.....#.....###........
#......#.###...###...##
#.....###.........# #..
.#.###...###...###...##
. #. ......###....>...
. # ..###...###...###
#.........###...
..###...###...###
.....###.@OS.....
........###...###
........ ### ........
........ ......# ......
......


You could see an ogre (extremely poisoned) and a ball python.

Vanquished Creatures
  2 black bears (D:4)
  An adder (D:3)
  A worm (D:2)
  2 dart slugs
  18 endoplasms
  2 giant cockroaches (D:1)
  12 goblins
  9 hobgoblins
  4 jackals (D:3)
  13 kobolds
  3 quokkas
  4 ball pythons
  5 bats
  2 frilled lizards
  5 rats
83 creatures vanquished.

Notes
Turn   | Place    | Note
-------+----------+-------------------------------------------
     0 | D:1      | innerfire43 the Demonspawn Monk began the quest for the
                  | Orb.
     0 | D:1      | Reached XP level 1. HP: 18/18 MP: 1/1
   224 | D:1      | Gained mutation: You sometimes gain a little power by
                  | taking damage. [demonic ancestry]
   224 | D:1      | Reached XP level 2. HP: 24/24 MP: 2/2
   801 | D:1      | Reached XP level 3. HP: 15/29 MP: 3/3
  2002 | D:3      | Found a hide-covered altar of Uskayaw.
  2011 | D:3      | Became a worshipper of Uskayaw the Reveller
  2011 | D:3      | Reached * piety under Uskayaw
  2055 | D:3      | Reached ** piety under Uskayaw
  2062 | D:3      | Reached skill level 1 in Ranged Weapons
  2062 | D:3      | Reached XP level 4. HP: 21/37 MP: 4/4
  4267 | D:4      | Noticed a black bear
  4272 | D:4      | Noticed a black bear
  4277 | D:4      | Reached *** piety under Uskayaw
  4288 | D:4      | Reached **** piety under Uskayaw
  4289 | D:4      | Killed a black bear
  4290 | D:4      | Reached skill level 1 in Short Blades
  4290 | D:4      | Gained mutation: You have sharp fingernails. [demonic
                  | ancestry]
  4290 | D:4      | Reached XP level 5. HP: 38/42 MP: 5/5
  4290 | D:4      | Killed a black bear
  4291 | D:4      | Reached skill level 4 in Fighting
  4291 | D:4      | Reached XP level 6. HP: 44/48 MP: 6/6
  4309 | D:4      | Found a bloodstained altar of Trog.
  4647 | D:4      | HP: 1/48 [ogre/+0 giant spiked club (24)]
  4648 | D:4      | Demolished by an ogre

Illustrated notes

Levels and vault maps discovered:
D:1:      ncdulo_smallfort, layout_loops_corners, minivault_14,
          hangedman_abyss_or_decor_stabs, chequers_serial_rivers_marsh,
          chequers_big_river, chequers_hall_statues_wall_a
D:2:      layout_basic, nicolae_figureground_pulse
D:3:      layout_rooms, nicolae_overflow_crystal_walls,
          amcnicky_mini_rare_corridor_liquid
D:4:      nicolae_BIG_FREAKIN_CUBE, layout_cave_pods, elyvilon_altar_1,
          trog_ov_bears_minmay, grunt_decor_cap

Skill      XL: |  1  2  3  4  5 |
---------------+----------------+-----
Axes           | 3 |  3.3
Dodging        | 3 |  3.7
Ranged Weapons | 1 2 |  2.4
Short Blades   | 1 2 |  2.2
Fighting       | 4 |  4.1

Action                     |  1- 3 |  4- 6 || total
---------------------------+-------+-------++-------
  Melee: Hand axe          |    78 |     3 ||    81
         Dagger            |       |    20 ||    20
   Fire: Sling             |    97 |    68 ||   165
    Use: Potion            |       |     2 ||     2
         Scroll            |       |     3 ||     3
   Stab: Paralysed         |       |     1 ||     1
 Armour: Robe              |    36 |    34 ||    70
  Dodge: Dodged            |   102 |    55 ||   157

Table legend: (Time is in decaauts)
 A = Elapsed time spent in this place.
 B = Non-inter-level travel time spent in this place.
 C = Inter-level travel time spent in this place.
 D = Time resting spent in this place.
 E = Time spent auto-exploring this place.
 F = Levels seen in this place.
 G = Mean time per level.
                   A        B        C        D        E       F      G
               +--------+--------+--------+--------+--------+-----+--------+
         Total |   4733 |   3335 |   1398 |      0 |   2675 |   4 | 1183.2 |
       Dungeon |   4733 |   3335 |   1398 |      0 |   2675 |   4 | 1183.2 |
               +--------+--------+--------+--------+--------+-----+--------+

Top non-repeatable levels by time:
     D:1: 1820 daAuts
     D:2: 1648 daAuts
     D:3: 818 daAuts
     D:4: 446 daAuts
